AoeStats
← CaptainThomas

Glade

503382963Analyzed
1v1 RM · 1mo ago on Aug 31, 2026· 63m 21s· 2 players
Game mode
Random Map
Map size
Tiny (2 player)
Population
200
Speed
Normal
Resources
Standard
Victory
Conquest
Starting age
Dark Age
Ending age
Imperial Age
RankedLock teamsTeams togetherTeam positionsShared explorationLock speedFull tech treeHidden civsTurbo modeCheats
Victory
Defeat
🇫🇷 Burmese · France
1652
+19
🇦🇺 Jurchens · Australia
1708
-19
CaptainThomas
11:05 Feudal Age
10:47 Loom
19:31 Castle Age
19:13 Horse Collar
19:53 Gold Mining
21:11 Wheelbarrow
21:19 Heavy Plow
23:44 Gold Mining
30:01 Imperial Age
28:17 Bloodlines
28:36 Scale Barding Armor
29:44 Chain Barding Armor
31:00 Forging
32:14 Chemistry
32:26 Stone Mining
35:25 Forging
35:40 Hand Cart
36:49 Plate Barding Armor
38:21 Iron Casting
38:19 Husbandry
38:25 Cavalier
40:12 Blast Furnace
42:01 Light Cavalry
43:04 Light Cavalry
44:39 Scale Mail Armor
44:46 Pikeman
46:23 Chain Mail Armor
48:33 Plate Mail Armor
48:47 Squires
49:27 Crop Rotation
54:14 Halberdier
55:30 Conscription
59:45 Elite Skirmisher
61:13 Hussar
61:58 Fletching
63:17 Manipur Cavalry
Couch Dog
9:33 Feudal Age
8:22 Loom
11:01 Double-Bit Axe
12:02 Town Watch
14:19 Fletching
20:11 Wheelbarrow
22:58 Castle Age
24:16 Bow Saw
25:06 Town Patrol
26:39 Siege Engineers
28:29 Horse Collar
35:41 Imperial Age
35:08 Siege Engineers
35:29 Scale Barding Armor
35:38 Masonry
35:52 Bloodlines
35:53 Fortified Bastions
36:06 Stone Mining
37:43 Fortified Wall
37:39 Heavy Rocket Cart
39:11 Chain Barding Armor
38:52 Husbandry
39:16 Ballistics
42:00 Chemistry
41:46 Block Printing
42:14 Architecture
43:49 Plate Barding Armor
43:37 Gold Mining
43:44 Light Cavalry
46:42 Ballistics
48:59 Heavy Plow
50:26 Forging
51:22 Bodkin Arrow
53:31 Bracer
53:25 Guard Tower
55:08 Padded Archer Armor
55:23 Hussar
56:44 Leather Archer Armor
58:25 Murder Holes
59:42 Elite Skirmisher
61:47 Conscription
Connection lost

Rejoining the realm…

Still unreachable

The connection could not be restored.

Session expired

The server has moved on; the page needs a fresh start.